 Dungeon Crawl Stone Soup version 0.28-a0-1518-gbe868bca14 (webtiles) character file.

Game seed: 12974298021795582021

28 knot the Chopper (level 2, -10/24 HPs)
             Began as a Demonspawn Berserker on Jan 17, 2022.
             Was a Follower of Trog.
             Mangled by a goblin (11 damage)
             ... on level 2 of the Dungeon.
             The game lasted 00:00:42 (1716 turns).

knot the Chopper (Demonspawn Berserker)             Turns: 1716, Time: 00:00:43

Health: -10/24     AC:  2    Str: 17    XL:     2   Next: 96%
Magic:  2/2        EV: 12    Int:  8    God:    Trog [*.....]
Gold:   73         SH:  0    Dex: 12    Spells: 1/1 levels left

rFire   . . .      SeeInvis +   h - +0 broad axe
rCold   . . .      Faith    .   (no shield)
rNeg    . . .      Spirit   .   b - +0 animal skin
rPois   .          Reflect  .   (helmet restricted)
rElec   .          Harm     .   (no cloak)
rCorr   .          Rampage  .   (no gloves)
Will    .....                   (no boots)
Stlth   +.........              (no amulet)
HPRegen 0.08/turn               f - ring of see invisible
MPRegen 0.08/turn               (no ring)

@: no status effects
A: horns 1
a: Renounce Religion, Berserk


You were on level 2 of the Dungeon.
You worshipped Trog.
Trog was aware of your devotion.
You visited 1 branch of the dungeon, and saw 2 of its levels.

You collected 73 gold pieces.

Inventory:

Hand Weapons
 h - a +0 broad axe (weapon)
Missiles
 e - 2 stones (quivered)
Armour
 b - a +0 animal skin (worn)
Jewellery
 f - a ring of see invisible (left hand)
Scrolls
 d - 2 scrolls of fog {unknown}
 g - a scroll of blinking {unknown}
Potions
 a - a potion of heal wounds {unknown}
 c - a potion of degeneration {unknown}
 i - a potion of mutation {unknown}


   Skills:
 - Level 3.0 Fighting
 + Level 3.8 Axes
 - Level 1.7 Armour
 - Level 1.7 Dodging


You had one spell level left.
You didn't know any spells.
Your spell library was empty.

Dungeon Overview and Level Annotations

Branches:
Dungeon (2/15)

Altars:


Innate Abilities, Weirdness & Mutations

You have a pair of small horns on your head.


Message History

You hit the rat.
You kill the rat!
Trog accepts your kill.
No target in view!
No target in view!
No target in view!
d - 2 scrolls labelled XIALONT COCO (gained 1)
You now have 73 gold pieces (gained 11).
Found a stone staircase leading up.
No target in view!
Found an escape hatch in the floor.
A kobold comes into view. It is wielding a +0 short sword.
A kobold is nearby!
The kobold throws a stone.
The stone hits you but does no damage.
The kobold hits you with a +0 short sword.
There is a stone staircase leading up here.
You hit the kobold but do no damage. Your headbutt misses the kobold.
The kobold hits you with a +0 short sword.
You hit the kobold.
You kill the kobold!
Trog accepts your kill.
No target in view!
No target in view!
A goblin comes into view.
It is wielding a +2 dagger of electrocution.
Found a stone staircase leading down.
The goblin shouts!
A goblin is nearby!
A goblin is nearby!
The goblin throws a stone.
The stone hits you.
A goblin is nearby!
The goblin hits you with a +2 dagger of electrocution.
You hit the goblin.
The goblin is moderately wounded.
The goblin hits you with a +2 dagger of electrocution.
You are electrocuted!
* * * LOW HITPOINT WARNING * * *
The goblin hits you with a +2 dagger of electrocution.
* * * LOW HITPOINT WARNING * * *
You are electrocuted!
You die...

............#...#....###.##.
...................#........
.####.......#...#.##.###.#..
.#########.#...........#
....# #.#.......#.#.# ....#
#.#######.#.#.# ....# #..
....$.....# ....###
#########.#<###.# .......
......g@...)....# ....####
##..........##### ........
...>..>......... ....##
##.######........ .#### #
######### .# .#######
........ .#######


You could see a goblin.

Vanquished Creatures
  4 ball pythons (D:1)
  3 bats (D:1)
  An endoplasm (D:1)
  A giant cockroach (D:2)
  3 goblins (D:1)
  A hobgoblin (D:1)
  4 jackals (D:1)
  3 kobolds
  A frilled lizard (D:1)
  4 rats
25 creatures vanquished.

Notes
Turn   | Place    | Note
-------+----------+-------------------------------------------
     0 | D:1      | knot the Demonspawn Berserker began the quest for the Orb.
     0 | D:1      | Reached XP level 1. HP: 18/18 MP: 1/1
   471 | D:1      | Found a faded altar of an unknown god.
   487 | D:1      | Gained mutation: You have a pair of small horns on your
                  | head. [demonic ancestry]
   487 | D:1      | Reached XP level 2. HP: 23/24 MP: 2/2
  1716 | D:2      | HP: 1/24 [goblin (2)]
  1716 | D:2      | Mangled by a goblin

Illustrated notes

Levels and vault maps discovered:
D:1:      psy_arrival_statuary, layout_basic, shapermc_ecumenical_altar_ellora,
          dk_noncrumbling_3
D:2:      layout_basic

Skill      XL: |  1 |
---------------+----+-----
Axes           | 3 |  3.8
Fighting       | |  3.0
Armour         | |  1.7
Dodging        | |  1.7

Action                   || total
-------------------------++-------
Melee: Hand axe          ||    43
       Broad axe         ||    17
       Headbutt          ||     3
Invok: Berserk           ||     1
Armor: Animal skin       ||    18
Dodge: Dodged            ||    56

Table legend: (Time is in decaauts)
 A = Elapsed time spent in this place.
 B = Non-inter-level travel time spent in this place.
 C = Inter-level travel time spent in this place.
 D = Time resting spent in this place.
 E = Time spent auto-exploring this place.
 F = Levels seen in this place.
 G = Mean time per level.
                   A        B        C        D        E       F      G
               +--------+--------+--------+--------+--------+-----+--------+
         Total |   1741 |   1703 |     38 |    421 |   1114 |   2 |  870.5 |
       Dungeon |   1741 |   1703 |     38 |    421 |   1114 |   2 |  870.5 |
               +--------+--------+--------+--------+--------+-----+--------+

Top non-repeatable levels by time:
     D:1: 1602 daAuts
     D:2: 139 daAuts
